 Dungeon Crawl Stone Soup version 0.30.1-11-g7821555f0a (webtiles) character file.

Game seed: 6461087223207373889

53916 PaiMei the Artisan of Death (level 14, -13/113 HPs)
             Began as a Demonspawn Necromancer on Jan 8, 2024.
             Was a Priest of Kikubaaqudgha.
             Shot with a bolt by a yaktaur (15 damage)
             ... on level 14 of the Dungeon.
             The game lasted 00:54:56 (41145 turns).

PaiMei the Artisan of Death (DsNe)                 Turns: 41145, Time: 00:54:57

Health: -13/113    AC: 19    Str: 16    XL:     14   Next: 32%
Magic:  20/30      EV: 14    Int: 22    God:    Kikubaaqudgha [***...]
Gold:   1116       SH:  4    Dex: 14    Spells: 9/37 levels left

rFire   + . .        e - +11 hand axe "Jellybane" {freeze, Str+2}
rCold   + . .        (no shield)
rNeg    . . .        U - +4 ring mail
rPois   .            p - +0 helmet
rElec   .            M - scarf {rC+ rF+}
rCorr   .            (gloves unavailable)
SInv    .            (no boots)
Will    ++...        (no amulet)
Stlth   ++           d - +6 ring of strength
HPRegen 0.38/turn    r - ring of willpower
MPRegen 0.22/turn

%: no passive effects
@: hasted, very quick
A: slimy green scales 2, demonic guardian 2, icemail 1, condensation shield,
demonic touch 3
a: Renounce Religion, Unearth Wretches


You were on level 14 of the Dungeon.
You worshipped Kikubaaqudgha.
Kikubaaqudgha was most pleased with you.
You visited 4 branches of the dungeon, and saw 21 of its levels.

You collected 1116 gold pieces.

Inventory:

Hand Weapons
 b - a +2 sling of electrocution
 e - the +11 hand axe "Jellybane" (weapon) {freeze, Str+2}
   (You found it on level 7 of the Dungeon)

   Str:       It affects your strength (+2).
Missiles
 s - 29 poisoned darts (quivered)
 F - 7 curare-tipped darts
 J - 3 throwing nets
Armour
 p - a +0 helmet (worn)
 E - a +2 leather armour of poison resistance
 G - a +0 kite shield
 M - a scarf of resistance (worn)
 U - a +4 ring mail (worn)
Jewellery
 d - a +6 ring of strength (left hand)
 r - a ring of willpower (right hand)
 x - a ring of protection from cold
 y - a ring of protection from cold
 B - a ring of protection from cold
 I - a ring of protection from fire
Wands
 a - a wand of acid (20)
 q - a wand of iceblast (38)
 v - a wand of charming (24)
 H - a wand of digging (5)
 R - a wand of polymorph (2)
 V - a wand of flame (8)
Scrolls
 i - a scroll of magic mapping {unknown}
 l - 5 scrolls of fear
 n - a scroll of blinking
 o - 3 scrolls of enchant weapon
 t - 2 scrolls of brand weapon
 u - 3 scrolls of vulnerability
 z - a scroll of immolation
 A - 9 scrolls of teleportation
 C - 2 scrolls of enchant armour
 L - 3 scrolls of silence
 P - 3 scrolls of poison
 Q - 2 scrolls of amnesia
 S - 3 scrolls of identify
Potions
 f - 7 potions of haste
 g - 2 potions of resistance
 h - a potion of invisibility
 j - 10 potions of curing
 k - 4 potions of brilliance
 m - 2 potions of might {unknown}
 w - 5 potions of lignification
 K - 2 potions of cancellation
 N - 3 potions of magic
 O - a potion of attraction {unknown}
 T - 2 potions of flight
Miscellaneous
 W - a box of beasts


   Skills:
 - Level 11.0 Fighting
 + Level 5.7 Axes
 + Level 7.9 Armour
 - Level 9.0 Dodging
 - Level 2.8 Stealth
 + Level 12.0 Spellcasting
 + Level 14.6 Necromancy


You had 9 spell levels left.
You knew the following spells:

 Your Spells              Type           Power      Damage    Failure   Level
a - Necrotise             Necr           100%       1d9       1%          1
b - Vampiric Draining     Necr           67%        2d10      1%          3
c - Animate Dead          Necr           67%        N/A       1%          4
d - Agony                 Necr           67%        N/A       1%          5
e - Dispel Undead         Necr           67%        3d23      1%          4
f - Borgnjor's Vile Clut  Necr/Erth      22%        N/A       12%         5
g - Cigotuvi's Dreadful   Necr/Pois/Air  68%        N/A       1%          2
h - Anguish               Hex/Necr       22%        N/A       4%          4

Your spell library contained the following spells:

 Spells                   Type           Power      Damage    Failure   Level
 Sublimation of Blood     Necr           67%        N/A       1%          2
 Sandblast                Erth           26%        2d8       9%          1
 Slow                     Hex            52%        N/A       9%          1
 Blink                    Tloc           26%        N/A       13%         2
 Lesser Beckoning         Tloc           26%        N/A       13%         2
 Momentum Strike          Conj/Tloc      26%        3d8       13%         2
 Passwall                 Tmut/Erth      10%        N/A       13%         2
 Confusing Touch          Hex            13%        N/A       26%         3
 Dazzling Flash           Conj/Hex       26%        N/A       26%         3
 Inner Flame              Hex/Fire       13%        N/A       26%         3
 Ozocubu's Armour         Ice            13%        N/A       26%         3
 Stone Arrow              Conj/Erth      26%        3d8       26%         3
 Vhi's Electric Charge    Tloc/Air       26%        N/A       26%         3
 Volatile Blastmotes      Fire/Tloc      26%        2d12      26%         3
 Simulacrum               Ice/Necr       22%        N/A       54%         6
 Animate Armour           Summ/Erth      26%        N/A       63%         4
 Flame Wave               Conj/Fire      13%        2d6       63%         4
 Iskenderun's Mystic Bla  Conj/Tloc      13%        2d5       63%         4
 Sticky Flame             Conj/Fire      13%        2d4       63%         4
 Arcjolt                  Conj/Air       6%         1d16      93%         5
 Blade Hands              Tmut           6%         N/A       93%         5
 Iron Shot                Conj/Erth      6%         9d2       100%        6
 Starburst                Conj/Fire      6%         6d4       100%        6
 Ozocubu's Refrigeration  Ice            6%         4d8       100%        7
 Maxwell's Capacitive Co  Air            6%         ∞         100%        8
 Polar Vortex             Ice            6%         N/A       100%        9


Dungeon Overview and Level Annotations

Branches:
Dungeon (14/15)            Temple (1/1) D:5            Lair (5/5) D:10
 Shoals (0/4) Lair:3        Snake (1/4) Lair:3        Slime (0/5) Lair:4
    Orc (0/2) D:12
 Vaults: D:13-14

Altars:
Ashenzari
Cheibriados
Dithmenos
Fedhas
Gozag
Hepliaklqana
Kikubaaqudgha
Makhleb
Nemelex Xobeh
Okawaru
Qazlal
Ru
Sif Muna
Trog
Uskayaw
Vehumet
Wu Jian
Xom
Yredelemnul

Shops:
D:2 [   D:5 *   D:6 *   D:7 *

Annotations:
D:3 1 runed translucent door, SakshiSharma's ghost, weakling NaBr
D:7 2 runed translucent doors, turdburglar's ghost, novice DsFE
Lair:4 exclusion: 3 oklob plants


Innate Abilities, Weirdness & Mutations

You are mostly covered in slimy green scales. (AC +3)
A demonic guardian rushes to your aid.
A meltable icy envelope protects you from harm. (AC +4)
A meltable shield of frost defends you. (SH +4)
Your touch may irresistibly damage your foes and sap their willpower.


Message History

* * * LOW HITPOINT WARNING * * *
The green ugly thing attacks as you move away!
The green ugly thing punches you but does no damage.
The yaktaur shoots a bolt.
The bolt hits you.
* * * LOW HITPOINT WARNING * * *
The green ugly thing misses you.
The yaktaur shoots a bolt.
The bolt hits you!
* * * LOW HITPOINT WARNING * * *
A demonic guardian appears!
You feel much better.
Your surroundings suddenly seem different.
The yaktaur unwields a +1 halberd of venom.
It stops dripping with poison.
The yaktaur wields a +0 arbalest.
The yaktaur shoots a bolt.
The bolt hits you.
The yaktaur unwields a +4 spectral quarterstaff.
The yaktaur wields a +0 arbalest.
The yaktaur shoots a bolt.
The bolt hits you!
The yaktaur shoots a bolt.
The bolt hits you!
* * * LOW HITPOINT WARNING * * *
The yaktaur shoots a bolt.
You block the bolt.
As you read the scroll of fog, it crumbles to dust.
The scroll dissolves into smoke.
The yaktaur shoots a bolt.
The bolt hits you!
* * * LOW HITPOINT WARNING * * *
A demonic guardian appears!
The yaktaur shoots a bolt.
The bolt barely misses you.
You feel much better. The vampire mosquito bites you.
* * * LOW HITPOINT WARNING * * *
The vampire mosquito draws strength from your injuries!
The green ugly thing punches your sun demon.
You feel yourself speed up. The vampire mosquito misses you.
Your sun demon hits the green ugly thing!
The green ugly thing is engulfed in flames!!
The vampire mosquito barely misses you.
The green ugly thing punches your sun demon but does no damage.
The yaktaur shoots a bolt.
The bolt hits you!!
* * * LOW HITPOINT WARNING * * *
Your rust devil completely misses the yaktaur.
The yaktaur shoots a bolt.
The bolt closely misses your rust devil.
The bolt hits you!
You die...
Kikubaaqudgha rasps: "You have failed me!
Welcome... death!"

....c....########........#
.........#################
######.c........# ##
#≈~.c......#
...#≈≈~.c.....#
...)≈≈≈~§§.§..#
...)≈≈≈cc§c..^#
#####≈≈≈§§4§.|.#
#≈≈~§§@3...# #~~~§y##u###
+...§.##§# +...§§.Du#
+.....#.c# #~~~..##yu#
#≈≈≈~.###.... #≈≈≈~.
T8e.C. p≈ ..c..#


You could see a green ugly thing (ally target), 3 yaktaurs, a vampire mosquito,
a friendly sun demon (summoned) and a friendly rust devil (summoned).

Vanquished Creatures
  Jorgrun (D:13)
  A vault guard (D:14)
  Harold (D:11)
  2 hydras
  A centaur warrior (D:13)
  4 catoblepae
  3 two-headed ogres
  A boulder beetle (Lair:2)
  9 death yaks
  A skyshark (Lair:3)
  An ugly thing (D:10)
  6 manticores
  3 cyclopes (D:13)
  9 elephants
  7 black mambas
  10 cane toads
  Joseph (D:7)
  3 unseen horrors
  A gargoyle (D:13)
  Maggie (D:8)
  Psyche (D:9)
  4 rime drakes
  6 komodo dragons
  2 polar bears (Lair:3)
  3 trolls (D:12)
  A hornet (D:10)
  Prince Ribbit (D:6)
  2 shadows
  3 wyverns
  25 yaks
  6 slime creatures
  A vampire (D:11)
  A wraith (D:13)
  A human (D:11)
  3 hogs (D:11)
  8 basilisks
  2 vampire mosquitoes (D:11)
  13 water moccasins
  2 acid dragons
  2 sky beasts (D:8)
  A black bear (shapeshifter) (D:14)
  6 orc warriors
  2 ice beasts (D:7)
  2 black bears (D:6)
  4 wolves (Lair:1)
  2 ogres (D:12)
  A centaur (D:7)
  A phantom (D:5)
  4 kobold brigands
  10 bullfrogs
  2 necrophages (Lair:3)
  A gnoll sergeant (D:12)
  A scorpion (D:5)
  15 killer bees
  An electric eel (D:6)
  10 howler monkeys
  5 hounds
  2 jellies (D:5)
  2 orc priests (D:6)
  A sleepcap (D:5)
  A gnoll bouda (D:4)
  Jessica (D:3)
  3 iguanas
  4 orc wizards
  Ijyb (D:3)
  2 hell rats (D:10)
  9 adders
  18 gnolls
  3 shadow imps
  2 ufetubi
  4 dart slugs
  39 orcs
  6 bats
  9 endoplasms
  8 giant cockroaches
  7 goblins
  9 hobgoblins
  6 jackals
  12 kobolds
  4 quokkas
  11 ball pythons
  A frilled lizard (D:2)
  3 rats
389 creatures vanquished.

Vanquished Creatures (collateral kills)
  Rupert (Lair:3)
  Kirke (Lair:4)
  2 catoblepae (Lair:5)
  A death yak (Lair:5)
  A skyshark (Lair:2)
  2 elephants
  A cane toad (Lair:4)
  A komodo dragon (Lair:1)
  4 yaks (Lair:5)
  A water moccasin (Lair:2)
  2 orc warriors (D:12)
  2 wolves (Lair:1)
  A centaur (D:9)
  A bullfrog (Lair:2)
  3 necrophages (Lair:3)
  A gnoll (D:12)
  An orc (D:12)
  2 hobgoblins
  A kobold (D:2)
  A frilled lizard (D:8)
  A butterfly (Lair:1)
31 creatures vanquished.

Vanquished Creatures (others)
  A deep elf pyromancer (D:13)
  A death yak zombie (Lair:5)
  A rime drake (Lair:4)
  A polar bear (Lair:4)
  3 humans (Lair:4)
  A skyshark zombie (Lair:3)
8 creatures vanquished.

Grand Total: 428 creatures vanquished

Notes
Turn   | Place    | Note
-------+----------+-------------------------------------------
     0 | D:1      | PaiMei the Demonspawn Necromancer began the quest for the
                  | Orb.
     0 | D:1      | Reached XP level 1. HP: 13/13 MP: 3/3
   567 | D:1      | Gained mutation: Your touch may inflict minor irresistible
                  | damage on your foes. [demonic ancestry]
   567 | D:1      | Reached XP level 2. HP: 19/19 MP: 0/5
  1028 | D:1      | Gained mutation: A meltable shield of frost defends you.
                  | (SH +4) [demonic ancestry]
  1028 | D:1      | Reached XP level 3. HP: 14/24 MP: 0/6
  2411 | D:2      | Gained mutation: Your touch may inflict irresistible damage
                  | on your foes. [demonic ancestry]
  2411 | D:2      | Reached XP level 4. HP: 30/30 MP: 5/7
  2536 | D:2      | Found Xeruubue's Armour Shop.
  2780 | D:2      | Reached skill level 5 in Necromancy
  3425 | D:2      | Learned a level 3 spell: Vampiric Draining
  3558 | D:3      | Found a bloodstained altar of Trog.
  3711 | D:3      | Noticed Ijyb
  3722 | D:3      | Killed Ijyb
  3723 | D:3      | Reached XP level 5. HP: 20/36 MP: 6/9
  3937 | D:3      | Noticed SakshiSharma's ghost (weakling NaBr)
  3940 | D:3      | Found a runed translucent door.
  3950 | D:3      | Noticed Jessica
  3955 | D:3      | Killed Jessica
  4101 | D:3      | Found an ornate altar of the Wu Jian Council.
  4109 | D:3      | Reached skill level 1 in Fighting
  5267 | D:4      | Reached XP level 6. HP: 39/43 MP: 6/10
  5404 | D:4      | Found an iron altar of Okawaru.
  6051 | D:5      | Entered Level 5 of the Dungeon
  6325 | D:5      | Reached skill level 6 in Necromancy
  6508 | D:5      | Reached XP level 7. HP: 48/51 MP: 5/12
  6536 | D:5      | Identified the +1 falchion "Jalefuma" {drain, +Blink Str+3}
  6541 | D:5      | Found a hide-covered altar of Uskayaw.
  6817 | D:5      | Found a staircase to the Ecumenical Temple.
  7183 | Temple   | Entered the Ecumenical Temple
  8059 | D:5      | Identified the +0 ring mail "Wuxzit" {*Corrode rF+++ rC-}
  8061 | D:5      | Found Qucvaub's Overcharged Wands.
  8808 | D:6      | Gained mutation: You are partially covered in slimy green
                  | scales. (AC +2) [demonic ancestry]
  8808 | D:6      | Reached XP level 8. HP: 60/60 MP: 3/14
  8888 | D:6      | Found an opulent altar of Gozag.
  8889 | D:6      | Found Gozag's Platinum Reserve.
  9036 | D:6      | Found a stormy altar of Qazlal.
  9037 | D:6      | Found a radiant altar of Vehumet.
  9057 | D:6      | Reached skill level 7 in Necromancy
  9576 | D:6      | Learned a level 4 spell: Animate Dead
  9596 | D:7      | Reached skill level 5 in Dodging
  9596 | D:7      | Reached skill level 5 in Spellcasting
  9992 | D:7      | Noticed Joseph
 10251 | D:7      | Killed Joseph
 10510 | D:7      | Reached skill level 5 in Fighting
 10561 | D:7      | Noticed Prince Ribbit
 10742 | D:7      | Found Unodoro's Lightly-Used Armoury.
 10778 | D:6      | Killed Prince Ribbit
 10779 | D:6      | Gained mutation: A meltable icy envelope protects you from
                  | harm. (AC +4) [demonic ancestry]
 10779 | D:6      | Reached XP level 9. HP: 54/68 MP: 1/17
 11027 | D:7      | Reached skill level 8 in Necromancy
 11141 | D:7      | Identified the +11 hand axe "Jellybane" {freeze, Str+2}
 11261 | D:7      | Found a large runed translucent door.
 11261 | D:7      | Found a large runed translucent door.
 11262 | D:7      | Noticed turdburglar's ghost (novice DsFE)
 11887 | D:7      | Found a sparkling altar of Nemelex Xobeh.
 11992 | D:7      | Learned a level 5 spell: Agony
 12540 | D:8      | Found a sacrificial altar of Ru.
 12828 | D:8      | Found an ancient bone altar of Kikubaaqudgha.
 12829 | D:8      | Noticed Maggie
 13564 | D:8      | Reached skill level 9 in Necromancy
 13772 | D:8      | Killed Maggie
 14120 | D:8      | Became a worshipper of Kikubaaqudgha
 14171 | D:9      | Gained mutation: You are mostly covered in slimy green
                  | scales. (AC +3) [demonic ancestry]
 14171 | D:9      | Reached XP level 10. HP: 77/77 MP: 14/20
 14492 | D:9      | Noticed a two-headed ogre
 14503 | D:9      | Killed a two-headed ogre
 14664 | D:9      | Noticed a two-headed ogre
 14674 | D:9      | Killed a two-headed ogre
 15196 | D:9      | Noticed Psyche
 15715 | D:9      | Killed Psyche
 16546 | D:10     | Entered Level 10 of the Dungeon
 16583 | D:10     | Reached skill level 10 in Necromancy
 17237 | D:10     | Noticed a death yak
 17282 | D:10     | Noticed a death yak
 17282 | D:10     | Noticed a death yak
 17777 | D:10     | Found a staircase to the Lair.
 18232 | D:10     | Reached XP level 11. HP: 86/86 MP: 13/23
 18240 | D:10     | Reached * piety under Kikubaaqudgha
 18240 | D:10     | Received a gift from Kikubaaqudgha
 18809 | D:9      | Killed a death yak
 19122 | D:10     | Killed a death yak
 19602 | D:10     | Noticed a cyan ugly thing
 19610 | D:10     | Killed a cyan ugly thing
 19914 | Lair:1   | Entered Level 1 of the Lair of Beasts
 19997 | Lair:1   | Reached skill level 11 in Necromancy
 20757 | Lair:1   | Found a broken altar of Ashenzari.
 21408 | Lair:1   | Learned a level 2 spell: Cigotuvi's Dreadful Rot
 21665 | Lair:2   | Reached skill level 1 in Armour
 21985 | Lair:2   | Noticed a boulder beetle
 22004 | Lair:2   | Killed a boulder beetle
 22176 | Lair:2   | Gained mutation: A weak demonic guardian rushes to your
                  | aid. [demonic ancestry]
 22176 | Lair:2   | Reached XP level 12. HP: 93/97 MP: 10/25
 23984 | Lair:2   | Reached skill level 12 in Necromancy
 24065 | Lair:3   | Noticed Rupert
 24065 | Lair:3   | Noticed a death yak
 24120 | Lair:2   | Reached skill level 10 in Fighting
 24326 | Lair:3   | Noticed a catoblepas
 24326 | Lair:3   | Noticed a catoblepas
 24399 | Lair:3   | Paralysed by Rupert for 4 turns
 24407 | Lair:3   | Killed Rupert
 24833 | Lair:3   | Noticed a four-headed hydra
 24842 | Lair:3   | Killed a four-headed hydra
 25018 | Lair:3   | Reached skill level 10 in Spellcasting
 25161 | Lair:3   | Noticed a death yak
 25302 | Lair:3   | Noticed a death yak
 25308 | Lair:2   | Killed a catoblepas
 26034 | Lair:3   | Found a staircase to the Shoals.
 26362 | Lair:3   | Reached ** piety under Kikubaaqudgha
 26459 | Lair:3   | Killed a death yak
 26900 | Lair:2   | Killed a death yak
 26901 | Lair:2   | Reached skill level 5 in Armour
 27211 | Lair:3   | Killed a death yak
 27406 | Lair:3   | Killed a catoblepas
 27407 | Lair:3   | Gained mutation: A demonic guardian rushes to your aid.
                  | [demonic ancestry]
 27407 | Lair:3   | Reached XP level 13. HP: 106/106 MP: 11/27
 27529 | Lair:3   | Found a staircase to the Snake Pit.
 27633 | Lair:3   | Reached skill level 13 in Necromancy
 28342 | Lair:3   | Reached skill level 1 in Axes
 28846 | Snake:1  | Entered Level 1 of the Snake Pit
 28868 | Lair:4   | Noticed Kirke
 29319 | Lair:4   | Killed Kirke
 31239 | Lair:4   | Found a staircase to the Slime Pits.
 31689 | Lair:5   | Entered Level 5 of the Lair of Beasts
 34150 | Lair:5   | Reached skill level 14 in Necromancy
 34839 | Lair:5   | Identified the staff of fire "Lyx Anym" {rF+ rC+ Will+
                  | rCorr Int-3}
 36721 | D:11     | Noticed Harold
 36729 | D:11     | Killed Harold
 36730 | D:11     | Gained mutation: Your touch may irresistibly damage your
                  | foes and sap their willpower. [demonic ancestry]
 36730 | D:11     | Reached XP level 14. HP: 107/113 MP: 8/29
 37400 | D:12     | Reached skill level 5 in Axes
 37585 | D:12     | Found a staircase to the Orcish Mines.
 37610 | D:12     | Reached *** piety under Kikubaaqudgha
 37610 | D:12     | Received a gift from Kikubaaqudgha
 37929 | D:12     | Learned a level 4 spell: Dispel Undead
 37935 | D:12     | Learned a level 5 spell: Borgnjor's Vile Clutch
 37940 | D:12     | Learned a level 4 spell: Anguish
 39171 | D:13     | Noticed Jorgrun
 39620 | D:13     | Killed Jorgrun
 41126 | D:14     | Identified the +0 robe of Mysticism {rF- Str+2 SInv}
 41145 | D:14     | HP: 2/113 [yaktaur/bolt (22)]
 41145 | D:14     | Shot with a bolt by a yaktaur

Illustrated notes

Levels and vault maps discovered:
D:1:      matt_arrival_grand_opening, layout_basic, serial_aquarium,
          aquarium_bridge_square [aquarium_subvault_wall,
          aquarium_subvault_bridge, aquarium_subvault_wall,
          aquarium_subvault_bridge], aquarium_window_1, aquarium_window_1,
          aquarium_view_2f, minmay_misc_feat_rugged, minmay_cupped
D:2:      layout_basic, serial_shops, nicolae_lakefront_shop,
          kennysheep_generic_room_15
D:3:      layout_basic, mainiacjoe_overflow_tiny_flanked,
          trog_three_pillars_becter, hellmonk_ghost_happy_afterlife, uniq_ijyb,
          uniq_jessica
D:4:      layout_basic, okawaru_altar_gauntlet_db
D:5:      layout_rooms, eat_drink_and_be_merry_uskayaw,
          minmay_temple_entry_stoned_glass, nicolae_shop_overcharged_wands
D:6:      layout_loops_ring, nicolae_gozag_zags_fifth_avenue,
          nicolae_overflow_squiral
D:7:      layout_loops_cross, lemuel_coloured_pillars_altar,
          ebering_ghost_disaster_area, minmay_shop_damaged, uniq_joseph,
          uniq_prince_ribbit1
D:8:      layout_cave_pools, nicolae_ru_great_annihilating_truth,
          mainiacjoe_overflow_concentric_impassable, uniq_maggie
D:9:      layout_layer_cave, uniq_psyche
D:10:     layout_basic, dpeg_lair_monsters
D:11:     layout_roguey, grunt_livestock, uniq_harold
D:12:     layout_irregular_city, kennysheep_orc_monster_closet_entryway
D:13:     layout_cave_pools, gauntlet_entry_generic, uniq_jorgrun
D:14:     minmay_complete_graph, layout_basic, grunt_vaults_entry_fortified,
          amcnicky_mini_pool_small, portal_ice_cave_entry_ice_simulacra,
          uniq_nessos
Temple:   hellmonk_temple_flake
Lair:1:   layout_long_grid, basic_altar, chequers_serial_rivers_large_b,
          lemuel_fruit_fields
Lair:2:   layout_layer_cave
Lair:3:   nzn_motion_control, layout_cave_pods, shoals_dummy_entry,
          minmay_snake_entry_six_corridors, roderic_carrion_pond,
          grunt_megastairs_3, infiniplex_staircase_pool_2, uniq_rupert
Lair:4:   layout_misc_corridors, minmay_slime_entry_oklob_enclosed,
          minivault_27, kennysheep_basilisk_garden, uniq_kirke
Lair:5:   evilmike_catoblepas_cave, layout_cave_pods,
          nicolae_lair_grove_arrangements, serial_bayou_shore_a
Snake:1:  layout_chambers, basic_altar, gammafunk_ghost_berserking_beasts,
          nicolae_coiled_stairwell_down, lemuel_fruit_tree

Skill      XL: |  1  2  3  4  5  6  7  8  9 10 11 12 13 14 |
---------------+-------------------------------------------+-----
Dodging        | 2 3 4 5 6 8 9 |  9.0
Stealth        | 2 |  2.8
Necromancy     | 5 6 7 9 10 11 12 14 | 14.6
Spellcasting   | 3 4 5 6 8 9 10 11 12 | 12.0
Fighting       | 1 2 3 5 6 8 9 11 | 11.0
Armour         | 2 5 7 |  7.9
Axes           | 4 5 |  5.7

Action                     |  1- 3 |  4- 6 |  7- 9 | 10-12 | 13-15 || total
---------------------------+-------+-------+-------+-------+-------++-------
  Melee: Spear             |    23 |     1 |       |       |       ||    24
         Unarmed           |     3 |       |       |       |       ||     3
         Touch             |     4 |     6 |    10 |    34 |    33 ||    87
         Dagger            |       |    48 |    42 |       |       ||    90
         Punch             |       |       |     1 |       |     5 ||     6
         Hand axe          |       |       |     5 |   182 |   171 ||   358
   Fire: Sling             |       |       |    16 |       |       ||    16
  Throw: Dart              |       |       |       |       |     1 ||     1
   Cast: Necrotise         |    59 |   119 |   131 |    63 |    89 ||   461
         Vampiric Draining |       |     9 |    79 |   125 |   128 ||   341
         Agony             |       |       |       |    56 |    56 ||   112
         Animate Dead      |       |       |       |     6 |     3 ||     9
         Borgnjor's Vile C |       |       |       |       |    15 ||    15
         Cigotuvi's Dreadf |       |       |       |       |     1 ||     1
    Use: Scroll            |       |       |       |    19 |    11 ||    30
         Potion            |       |       |       |       |     5 ||     5
   Stab: Sleeping          |       |     1 |       |       |       ||     1
         Distracted        |       |       |       |     2 |       ||     2
 Armour: Robe              |    11 |    12 |    49 |       |       ||    72
         Steam dragon scal |       |       |       |   161 |    67 ||   228
         Skin              |       |       |       |    12 |       ||    12
         Ring mail         |       |       |       |       |   108 ||   108
  Dodge: Dodged            |    68 |    45 |   104 |   284 |   221 ||   722
  Block: Other             |     5 |    14 |    28 |    65 |    68 ||   180
